Map: Orbital Shipyard

Players

Burny - Winner!

  • Race: Zerg Zerg
  • League: Grandmaster

VOD

Have the link to the VOD?

Description

Time

  • Played on: Sept. 26, 2015, 8:09 a.m.
  • Length: 3:43
Show
View Real Time Build Order
Export as new Build Order

Burny Zerg - Winner!

Build Orders:  

Get SALT Encoding   

  12  0:02  Drone  
  12  0:08  Drone  
  12  0:20  Overlord  
  12  0:21  Extractor  
  12  0:25  Drone, Extractor  
  12  0:39  Drone x2  
  12  0:55  Hatchery  
  12  0:57  Drone  
  12  1:09  Drone  
  12  1:20  Hatchery  
  12  1:26  Drone  
  12  1:30  Drone  
  12  1:44  Hatchery  
  12  1:49  Drone  
  12  1:50  Drone  
  12  1:53  Drone  
  12  2:02  Drone  
  12  2:06  Drone  
  12  2:10  Drone  
  12  2:17  Drone  
  12  2:21  Overlord  
  12  2:28  Drone  
  12  2:32  Drone  
  12  2:34  Drone  
  12  2:39  Drone  
  12  2:42  Drone  
  12  2:43  Drone  
  12  2:49  Drone  
  12  2:53  Drone x2  
  12  2:56  Overlord  
  12  3:00  Drone  
  12  3:04  Drone  
  12  3:05  Drone  
  12  3:07  Drone  
  12  3:11  Drone  
  12  3:15  Drone x2  
  12  3:18  Drone  
  12  3:21  Drone  
  12  3:25  Drone  
  12  3:26  Drone  
  12  3:28  Drone  
Tags
 
Add a new tag
Caveats
  • Supply blocks, unpowered buildings, or Contaminate may cause inaccurate times.
  • Supply counts are checked every 10 seconds.